Rampage vs Bruins

Created - Thursday, January 07, 2016 at 03:03

Goals
1 2 3 OT1 SO T
Rampage 0 1 0 0 0 1
Bruins 0 1 0 0 1 2
Shots
1 2 3 OT1 SO T
Rampage 5 13 10 7 3 35
Bruins 5 6 6 0 2 17

1st period

No Goal

Penalties :
No Penalty

2nd period

1. Bruins , Cole Schneider 6 (Marko Dano) at 0:08
2. Rampage , Bryan Rust 7 (Christian Thomas, Connor Brickley) at 2:01

Penalties :
Andrew Agozzino (Pro) for High sticking (Minor) at 9:40

3rd period

No Goal

Penalties :
Marc Hagel (Pro) for Fighting (Major) at 1:53, Keaton Ellerby (SAN) for Fighting (Major) at 1:53, Buddy Robinson (Pro) for Fighting (Major) at 1:56, Tomas Kundratek (SAN) for Fighting (Major) at 1:56, Conor Allen (Pro) for Interference (Minor) at 3:00, Kael Mouillierat (Pro) for Slashing (Minor) at 5:40

Overtime #1

No Goal

Penalties :
No Penalty

Shootout

Penalty Shot by Colton Sceviour for Rampage - Stopped by Connor Hellebuyck
Penalty Shot by Marc Hagel for Bruins - Stopped by Pheonix Copley
Penalty Shot by Daniel Briere for Rampage - Stopped by Connor Hellebuyck
Penalty Shot by Dennis Everberg for Bruins - Goal!
Penalty Shot by Taylor Beck for Rampage - Stopped by Connor Hellebuyck

Penalties :
No Penalty

Goalie Stats

Pheonix Copley (SAN), 16 saves from 17 shots - (0.941), OTL, 22-3-4, 65:00 minutes
Connor Hellebuyck (Pro), 34 saves from 35 shots - (0.971), W, 2-2-2, 65:00 minutes

Players Stats for Rampage

Player Name              G  A  P  +/- PIM S  H  SB GA TA FO     MP     PP MP  PK MP  
------------------------------------------------------------------------------------
Benn Ferriero            0  0  0   0  0   2  0  0  0  0  0/0     7:07   0:00   0:00 
Brett Hextall            0  0  0   0  0   2  0  0  0  0  1/2     8:20   0:03   0:00 
Bryan Rust               1  0  1   1  0   4  1  0  5  0  0/1    17:03   0:00   0:00 
Christian Thomas         0  1  1   1  0   2  0  1  0  1  0/0    19:59   3:04   0:00 
Colton Sceviour          0  0  0  -1  0   2  1  0  0  0  4/7    22:09   2:50   0:00 
Connor Brickley          0  1  1   1  0   1  2  0  0  1  6/9    19:54   3:04   0:00 
Daniel Briere            0  0  0  -1  0   4  2  1  7  0  8/16   23:24   2:50   0:00 
Joe Faust                0  0  0   0  0   0  0  0  0  0  0/0     0:00   0:00   0:00 
Joel Chouinard           0  0  0   0  0   2  0  0  0  0  0/0    16:57   1:54   0:00 
Jordan Szwarz            0  0  0   0  0   0  2  0  3  0  0/1    17:34   0:03   0:00 
Keaton Ellerby           0  0  0   0  5   1  0  1  1  1  0/0    20:28   1:01   0:00 
Ladislav Smid            0  0  0   0  0   2  3  1  0  1  0/0    27:31   3:02   0:00 
Liam O'Brien             0  0  0   0  0   4  3  0  3  1  0/0    18:40   3:04   0:00 
Matthew Corrente         0  0  0   0  0   3  3  0  1  0  0/0    22:43   2:55   0:00 
Michal Rozsival          0  0  0   0  0   3  4  0  1  1  0/0    27:31   3:02   0:00 
Tanner Richard           0  0  0   0  0   2  1  1  1  0  6/10   16:04   0:00   0:00 
Taylor Beck              0  0  0  -1  0   1  1  0  4  0  0/0    19:46   2:53   0:00 
Tomas Kundratek          0  0  0   0  5   0  0  0  0  2  0/0    14:48   0:00   0:00 

Players Stats for Bruins

Player Name              G  A  P  +/- PIM S  H  SB GA TA FO     MP     PP MP  PK MP  
------------------------------------------------------------------------------------
Andrew Agozzino          0  0  0  -1  2   1  2  0  3  0  0/1    16:10   0:00   0:00 
Andrew Cherniwchan       0  0  0   0  0   1  0  1  0  0  0/1    14:11   0:00   0:00 
Beau Schmitz             0  0  0   0  0   0  0  0  0  0  0/0    11:07   0:00   0:00 
Brandon Alderson         0  0  0   0  0   0  0  0  0  0  0/0     1:54   0:00   0:00 
Buddy Robinson           0  0  0  -1  5   1  1  0  0  0  0/1    17:12   0:00   1:53 
Cole Schneider           1  0  1   1  0   5  0  0  0  2  0/2    15:35   0:00   0:03 
Conor Allen              0  0  0   0  2   1  3  2  0  0  0/0    25:20   0:00   3:15 
Dennis Everberg          0  0  0   1  0   1  4  0  0  2  1/1    22:42   0:00   3:39 
Dennis Rasmussen         0  0  0   0  0   0  3  1  2  1  4/5    13:05   0:00   2:44 
Johan Alm                0  0  0   0  0   0  0  3  0  3  0/0    23:55   0:00   1:32 
Jordan Oesterle          0  0  0  -1  0   0  2  4  0  2  0/0    21:12   0:00   1:32 
Kael Mouillierat         0  0  0   0  2   3  5  0  3  0  5/10   19:39   0:00   0:00 
Kevin Czuczman           0  0  0   1  0   1  3  0  0  0  0/0    19:39   0:00   1:10 
Kevin Porter             0  0  0  -1  0   0  1  0  2  1  1/5    20:36   0:00   1:36 
Marc Hagel               0  0  0   0  5   0  4  2  0  0  2/3    16:36   0:00   0:03 
Marko Dano               0  1  1   1  0   2  3  0  2  2  8/17   18:13   0:00   1:59 
Raman Hrabarenka         0  0  0   0  0   0  2  2  0  1  0/0    28:48   0:00   4:25 
Sam Henley               0  0  0   0  0   1  0  0  1  0  0/0     8:07   0:00   0:00 

3 Stars

1 - Connor Hellebuyck (Pro)
2 - Bryan Rust (SAN)
3 - Cole Schneider (Pro)

Power Play

Rampage - 0 on 3 Attempt(s) - 0.00%
Bruins - 0 on 0 Attempt(s) - 0.00%

Penalty Kill

Rampage - 0 on 0 Attempt(s) - 0.00% - Score 0 goal in Penalty Kill
Bruins - 3 on 3 Attempt(s) - 100.00% - Score 0 goal in Penalty Kill

Team Stat

Rampage - Hits : 23 - Faceoff Wins : 25 - Blocked Shots : 5 - Penalty Minutes : 10
Bruins - Hits : 33 - Faceoff Wins : 21 - Blocked Shots : 15 - Penalty Minutes : 16

Official

Referees : Unknown
Linesman : Unknown

Game Notes

Marc Hagel and Keaton Ellerby fight to a draw at 1:53 of 3rd period
Buddy Robinson beats up Tomas Kundratek at 1:56 of 3rd period

Finance

Level 1 -- Attendance: 1576 (78.80%) -- Ticket Income $55,160
Level 2 -- Attendance: 806 (80.60%) -- Ticket Income $12,090
Total Attendance: 2382 (79.40%)
Total Ticket Income: $67,250
Other Income: $32,952
Total Income: $100,202

Rampage

5 vs 5 Forward 
   Center                   Left Wing                Right Wing               Time % Phy DF OF 
 1 Daniel Briere            Taylor Beck              Colton Sceviour          35     1   2  2  
 2 Connor Brickley          Bryan Rust               Christian Thomas         30     1   2  2  
 3 Tanner Richard           Liam O'Brien             Jordan Szwarz            22     1   2  2  
 4 Colton Sceviour          Daniel Briere            Benn Ferriero            13     1   2  2  

5 vs 5 Defense 
   Defense                  Defense                                           Time % Phy DF OF 
 1 Michal Rozsival          Ladislav Smid                                     35     1   2  2  
 2 Keaton Ellerby           Matthew Corrente                                  30     1   2  2  
 3 Tomas Kundratek          Joel Chouinard                                    22     1   2  2  
 4 Ladislav Smid            Michal Rozsival                                   13     1   2  2  

PowerPlay Forward 
   Center                   Left Wing                Right Wing               Time % Phy DF OF 
 1 Daniel Briere            Taylor Beck              Colton Sceviour          60     1   2  2  
 2 Connor Brickley          Liam O'Brien             Christian Thomas         40     1   2  2  

PowerPlay Defense
   Defense                  Defense                                           Time % Phy DF OF 
 1 Michal Rozsival          Ladislav Smid                                     60     1   2  2  
 2 Keaton Ellerby           Matthew Corrente                                  40     1   2  2  

Penalty Kill 4 Players Forward 
   Center                   Wing                     Time % Phy DF OF 
 1 Colton Sceviour          Daniel Briere            60     1   2  2  
 2 Taylor Beck              Christian Thomas         40     1   2  2  

Penalty Kill 4 Players Defense
   Defense                  Defense                  Time % Phy DF OF 
 1 Michal Rozsival          Ladislav Smid            60     1   2  2  
 2 Keaton Ellerby           Matthew Corrente         40     1   2  2  

Penalty Kill - 3 Players Forward 
   Forward                                           Time % Phy DF OF 
 1 Colton Sceviour                                   60     1   2  2  
 2 Daniel Briere                                     40     1   2  2  

Penalty Kill - 3 Players Defense
   Defense                  Defense                  Time % Phy DF OF 
 1 Michal Rozsival          Ladislav Smid            60     1   2  2  
 2 Keaton Ellerby           Matthew Corrente         40     1   2  2  

4 vs 4 Forward 
   Center                   Wing                     Time % Phy DF OF 
 1 Colton Sceviour          Daniel Briere            60     1   2  2  
 2 Taylor Beck              Christian Thomas         40     1   2  2  

4 vs 4 Defense
   Defense                  Defense                  Time % Phy DF OF 
 1 Michal Rozsival          Ladislav Smid            60     1   2  2  
 2 Keaton Ellerby           Matthew Corrente         40     1   2  2  

Last Minutes Offensive
   Center                   Left Wing                Right Wing               Defense                  Defense                  
   Daniel Briere            Taylor Beck              Colton Sceviour          Michal Rozsival          Ladislav Smid            

Last Minutes Defensive
   Center                   Left Wing                Right Wing               Defense                  Defense                  
   Daniel Briere            Taylor Beck              Colton Sceviour          Michal Rozsival          Ladislav Smid            

Goaltenders
Starting : Pheonix Copley           
Backup : Viktor Fasth             

Extra Forwards
Normal : Brett Hextall, Liam O'Brien, Jordan Szwarz - PP : Brett Hextall, Liam O'Brien - PK : Jordan Szwarz
Extra Defensemen
Normal : Tomas Kundratek, Joel Chouinard, Ladislav Smid - PP : Tomas Kundratek - PK : Joel Chouinard, Michal Rozsival
Penalty Shots
Colton Sceviour, Daniel Briere, Taylor Beck, Christian Thomas, Jordan Szwarz

Bruins

5 vs 5 Forward 
   Center                   Left Wing                Right Wing               Time % Phy DF OF 
 1 Marko Dano               Dennis Everberg          Cole Schneider           35     1   2  2  
 2 Kevin Porter             Andrew Agozzino          Buddy Robinson           30     1   2  2  
 3 Kael Mouillierat         Marc Hagel               Andrew Cherniwchan       22     1   2  2  
 4 Dennis Rasmussen         Sam Henley               Dennis Everberg          13     1   2  2  

5 vs 5 Defense 
   Defense                  Defense                                           Time % Phy DF OF 
 1 Raman Hrabarenka         Conor Allen                                       35     1   2  2  
 2 Johan Alm                Jordan Oesterle                                   30     1   2  2  
 3 Johan Alm                Kevin Czuczman                                    22     1   2  2  
 4 Beau Schmitz             Raman Hrabarenka                                  13     1   2  2  

PowerPlay Forward 
   Center                   Left Wing                Right Wing               Time % Phy DF OF 
 1 Marko Dano               Dennis Everberg          Cole Schneider           60     1   2  2  
 2 Kevin Porter             Andrew Agozzino          Buddy Robinson           40     1   2  2  

PowerPlay Defense
   Defense                  Defense                                           Time % Phy DF OF 
 1 Raman Hrabarenka         Conor Allen                                       60     1   2  2  
 2 Johan Alm                Jordan Oesterle                                   40     1   2  2  

Penalty Kill 4 Players Forward 
   Center                   Wing                     Time % Phy DF OF 
 1 Buddy Robinson           Dennis Everberg          60     1   2  2  
 2 Cole Schneider           Kevin Porter             40     1   2  2  

Penalty Kill 4 Players Defense
   Defense                  Defense                  Time % Phy DF OF 
 1 Raman Hrabarenka         Conor Allen              60     1   2  2  
 2 Johan Alm                Jordan Oesterle          40     1   2  2  

Penalty Kill - 3 Players Forward 
   Forward                                           Time % Phy DF OF 
 1 Cole Schneider                                    60     1   2  2  
 2 Dennis Everberg                                   40     1   2  2  

Penalty Kill - 3 Players Defense
   Defense                  Defense                  Time % Phy DF OF 
 1 Raman Hrabarenka         Conor Allen              60     1   2  2  
 2 Beau Schmitz             Jordan Oesterle          40     1   2  2  

4 vs 4 Forward 
   Center                   Wing                     Time % Phy DF OF 
 1 Kael Mouillierat         Dennis Everberg          60     1   2  2  
 2 Cole Schneider           Kevin Porter             40     1   2  2  

4 vs 4 Defense
   Defense                  Defense                  Time % Phy DF OF 
 1 Raman Hrabarenka         Conor Allen              60     1   2  2  
 2 Kevin Czuczman           Jordan Oesterle          40     1   2  2  

Last Minutes Offensive
   Center                   Left Wing                Right Wing               Defense                  Defense                  
   Marko Dano               Dennis Everberg          Cole Schneider           Raman Hrabarenka         Conor Allen              

Last Minutes Defensive
   Center                   Left Wing                Right Wing               Defense                  Defense                  
   Marko Dano               Dennis Everberg          Cole Schneider           Raman Hrabarenka         Conor Allen              

Goaltenders
Starting : Connor Hellebuyck        
Backup : Philipp Grubauer         

Extra Forwards
Normal : Kael Mouillierat, Marc Hagel, Dennis Rasmussen - PP : Kael Mouillierat, Marc Hagel - PK : Dennis Rasmussen
Extra Defensemen
Normal : Johan Alm, Kevin Czuczman, Beau Schmitz - PP : Johan Alm - PK : Kevin Czuczman, Beau Schmitz
Penalty Shots
Marc Hagel, Dennis Everberg, Cole Schneider, Kevin Porter, Buddy Robinson

% Time on Ice - Rampage

Lines # - Real PCT - Wanted PCT - Time Play
Normal Forward
1 - 28% - 35% - 15:13
2 - 31% - 30% - 16:40
3 - 28% - 22% - 15:03
4 - 13% - 13% - 7:07
Normal Defense
1 - 32% - 35% - 17:31
2 - 33% - 30% - 17:40
3 - 27% - 22% - 14:46
4 - 8% - 13% - 4:06
PP Forward
1 - 48% - 60% - 2:53
2 - 52% - 40% - 3:04
PP Defense
1 - 51% - 60% - 3:02
2 - 49% - 40% - 2:55
PK Forward
1 - 0% - 60%
2 - 0% - 40%
PK Defense
1 - 0% - 60%
2 - 0% - 40%
PK3 Forward
1 - 0% - 60%
2 - 0% - 40%
PK3 Defense
1 - 0% - 60%
2 - 0% - 40%
44 Forward
1 - 87% - 60% - 4:20
2 - 13% - 40% - 0:40
44 Defense
1 - 57% - 60% - 2:52
2 - 43% - 40% - 2:08
Last Minute Offensive  - 0:00
Last Minute Defensive  - 0:00
Total
Forward - 65:00
Defense - 65:00

% Time on Ice - Bruins

Lines # - Real PCT - Wanted PCT - Time Play
Normal Forward
1 - 28% - 35% - 15:11
2 - 31% - 30% - 16:34
3 - 26% - 22% - 14:11
4 - 15% - 13% - 8:07
Normal Defense
1 - 34% - 35% - 18:07
2 - 33% - 30% - 17:49
3 - 21% - 22% - 11:11
4 - 13% - 13% - 6:56
PP Forward
1 - 0% - 60%
2 - 0% - 40%
PP Defense
1 - 0% - 60%
2 - 0% - 40%
PK Forward
1 - 99% - 60% - 5:54
2 - 1% - 40% - 0:03
PK Defense
1 - 74% - 60% - 4:25
2 - 26% - 40% - 1:32
PK3 Forward
1 - 0% - 60%
2 - 0% - 40%
PK3 Defense
1 - 0% - 60%
2 - 0% - 40%
44 Forward
1 - 100% - 60% - 5:00
2 - 0% - 40% - 0:00
44 Defense
1 - 63% - 60% - 3:09
2 - 37% - 40% - 1:51
Last Minute Offensive  - 0:00
Last Minute Defensive  - 0:00
Total
Forward - 65:00
Defense - 65:00

Play by Play

1st period


0:01 of 1st period - Daniel Briere wins face-off versus Marko Dano in neutral zone.
0:10 of 1st period - Slapshot by Michal Rozsival.
0:10 of 1st period - Shot Misses the Net.
0:36 of 1st period - Slapshot by Cole Schneider.
0:36 of 1st period - Shot Misses the Net.
0:42 of 1st period - Daniel Briere is hit by Dennis Everberg and loses puck.
1:14 of 1st period - Joel Chouinard is hit by Conor Allen and loses puck.
1:46 of 1st period - Slapshot by Matthew Corrente.
1:46 of 1st period - Shot Blocked by Marc Hagel.
1:52 of 1st period - Wrist shot by Jordan Szwarz.
1:52 of 1st period - Shot Misses the Net.
1:54 of 1st period - Slapshot by Tanner Richard.
1:54 of 1st period - Shot Blocked by Marc Hagel.
2:04 of 1st period - Snap shot by Jordan Szwarz.
2:04 of 1st period - Shot Misses the Net.
2:06 of 1st period - Slapshot by Joel Chouinard.
2:06 of 1st period - Stopped by Connor Hellebuyck with a rebound.
2:08 of 1st period - Wrist shot by Jordan Szwarz.
2:08 of 1st period - Shot Blocked by Jordan Oesterle.
2:59 of 1st period - Buddy Robinson is hit by Ladislav Smid and loses puck.
3:11 of 1st period - Off-side.
3:12 of 1st period - Marko Dano wins face-off versus Tanner Richard in neutral zone.
3:27 of 1st period - Snap shot by Tanner Richard.
3:27 of 1st period - Stopped by Connor Hellebuyck without a rebound.
3:28 of 1st period - Tanner Richard wins face-off versus Marko Dano in Bruins zone.
4:25 of 1st period - Andrew Cherniwchan is hit by Matthew Corrente and loses puck.
4:47 of 1st period - Wrist shot by Andrew Agozzino.
4:47 of 1st period - Shot Hit the Post.
5:07 of 1st period - Snap shot by Buddy Robinson.
5:07 of 1st period - Stopped by Pheonix Copley with a rebound.
6:52 of 1st period - Christian Thomas is hit by Kael Mouillierat and loses puck.
7:13 of 1st period - Ladislav Smid is hit by Dennis Rasmussen.
7:18 of 1st period - Icing by Michal Rozsival.
7:19 of 1st period - Marko Dano wins face-off versus Tanner Richard in Rampage zone.
7:26 of 1st period - Slapshot by Cole Schneider.
7:26 of 1st period - Stopped by Pheonix Copley without a rebound.
7:27 of 1st period - Tanner Richard wins face-off versus Marko Dano in Rampage zone.
7:44 of 1st period - Slapshot by Michal Rozsival.
7:44 of 1st period - Stopped by Connor Hellebuyck with a rebound.
7:46 of 1st period - Snap shot by Benn Ferriero.
7:46 of 1st period - Stopped by Connor Hellebuyck without a rebound.
7:47 of 1st period - Colton Sceviour wins face-off versus Kevin Porter in Bruins zone.
8:14 of 1st period - Jordan Szwarz is hit by Andrew Agozzino and loses puck.
8:39 of 1st period - Bryan Rust is hit by Conor Allen and loses puck.
8:56 of 1st period - Slapshot by Andrew Cherniwchan.
8:56 of 1st period - Shot Misses the Net.
10:10 of 1st period - Buddy Robinson is hit by Liam O'Brien and loses puck.
11:25 of 1st period - Slapshot by Kael Mouillierat.
11:25 of 1st period - Stopped by Pheonix Copley with a rebound.
11:37 of 1st period - Benn Ferriero is hit by Kevin Czuczman and loses puck.
11:55 of 1st period - Off-side.
11:56 of 1st period - Dennis Rasmussen wins face-off versus Connor Brickley in neutral zone.
12:17 of 1st period - Kevin Czuczman is hit by Connor Brickley.
13:38 of 1st period - Backhand shot by Bryan Rust.
13:38 of 1st period - Stopped by Connor Hellebuyck without a rebound.
13:39 of 1st period - Connor Brickley wins face-off versus Kevin Porter in Bruins zone.
16:45 of 1st period - Wrist shot by Marc Hagel.
16:45 of 1st period - Shot Misses the Net.
17:22 of 1st period - Joel Chouinard is hit by Marko Dano and loses puck.
17:53 of 1st period - Slapshot by Kael Mouillierat.
17:53 of 1st period - Stopped by Pheonix Copley with a rebound.
17:55 of 1st period - Slapshot by Conor Allen.
17:55 of 1st period - Shot Misses the Net.
17:57 of 1st period - Wrist shot by Kael Mouillierat.
17:57 of 1st period - Shot Misses the Net.
17:59 of 1st period - Slapshot by Conor Allen.
17:59 of 1st period - Stopped by Pheonix Copley with a rebound.
19:44 of 1st period - Slapshot by Beau Schmitz.
19:44 of 1st period - Shot Blocked by Daniel Briere.
19:59 of 1st period - Icing by Buddy Robinson.
Goals for this period are 0 for Rampage vs 0 for Bruins.
Shots for this period are 5 for Rampage vs 5 for Bruins.

2nd period


0:01 of 2nd period - Marko Dano wins face-off versus Daniel Briere in neutral zone.
0:06 of 2nd period - Slapshot by Cole Schneider.
0:06 of 2nd period - Stopped by Pheonix Copley without a rebound.
0:07 of 2nd period - Marko Dano wins face-off versus Colton Sceviour in Rampage zone.
0:08 of 2nd period - Snap shot by Cole Schneider.
0:08 of 2nd period - Goal by Cole Schneider - Rampage : 0 - Bruins : 1.
0:09 of 2nd period - Marko Dano wins face-off versus Daniel Briere in neutral zone.
0:26 of 2nd period - Slapshot by Daniel Briere.
0:26 of 2nd period - Stopped by Connor Hellebuyck with a rebound.
1:07 of 2nd period - Snap shot by Bryan Rust.
1:07 of 2nd period - Shot Misses the Net.
1:11 of 2nd period - Snap shot by Christian Thomas.
1:11 of 2nd period - Shot Misses the Net.
1:13 of 2nd period - Wrist shot by Bryan Rust.
1:13 of 2nd period - Deflect By Christian Thomas.
1:13 of 2nd period - Stopped by Connor Hellebuyck without a rebound.
1:14 of 2nd period - Tanner Richard wins face-off versus Kael Mouillierat in Bruins zone.
1:15 of 2nd period - Snap shot by Liam O'Brien.
1:15 of 2nd period - Shot Misses the Net.
1:29 of 2nd period - Backhand shot by Kael Mouillierat.
1:29 of 2nd period - Shot Misses the Net.
1:41 of 2nd period - Slapshot by Liam O'Brien.
1:41 of 2nd period - Stopped by Connor Hellebuyck with a rebound.
1:43 of 2nd period - Snap shot by Keaton Ellerby.
1:43 of 2nd period - Shot Blocked by Raman Hrabarenka.
1:49 of 2nd period - Snap shot by Liam O'Brien.
1:49 of 2nd period - Stopped by Connor Hellebuyck with a rebound.
1:51 of 2nd period - Snap shot by Jordan Szwarz.
1:51 of 2nd period - Deflect By Kael Mouillierat.
1:51 of 2nd period - Shot Misses the Net.
1:51 of 2nd period - Puck is out of play.
1:52 of 2nd period - Connor Brickley wins face-off versus Andrew Agozzino in Bruins zone.
2:01 of 2nd period - Slapshot by Bryan Rust.
2:01 of 2nd period - Goal by Bryan Rust - Rampage : 1 - Bruins : 1.
2:02 of 2nd period - Daniel Briere wins face-off versus Marko Dano in neutral zone.
2:09 of 2nd period - Wrist shot by Daniel Briere.
2:09 of 2nd period - Stopped by Connor Hellebuyck with a rebound.
3:02 of 2nd period - Johan Alm is hit by Michal Rozsival and loses puck.
3:11 of 2nd period - Andrew Agozzino is hit by Bryan Rust and loses puck.
3:30 of 2nd period - Slapshot by Andrew Agozzino.
3:30 of 2nd period - Stopped by Pheonix Copley with a rebound.
3:49 of 2nd period - Snap shot by Liam O'Brien.
3:49 of 2nd period - Stopped by Connor Hellebuyck with a rebound.
4:08 of 2nd period - Joel Chouinard is hit by Marc Hagel.
4:16 of 2nd period - Marc Hagel is hit by Daniel Briere and loses puck.
4:45 of 2nd period - Sam Henley is hit by Connor Brickley and loses puck.
5:08 of 2nd period - Wrist shot by Taylor Beck.
5:08 of 2nd period - Deflect By Colton Sceviour.
5:08 of 2nd period - Stopped by Connor Hellebuyck with a rebound.
5:10 of 2nd period - Slapshot by Colton Sceviour.
5:10 of 2nd period - Shot Misses the Net.
5:12 of 2nd period - Snap shot by Matthew Corrente.
5:12 of 2nd period - Stopped by Connor Hellebuyck without a rebound.
5:13 of 2nd period - Kevin Porter wins face-off versus Daniel Briere in Bruins zone.
5:57 of 2nd period - Liam O'Brien is hit by Conor Allen.
6:11 of 2nd period - Wrist shot by Liam O'Brien.
6:11 of 2nd period - Shot Misses the Net.
6:33 of 2nd period - Snap shot by Christian Thomas.
6:33 of 2nd period - Shot Misses the Net.
6:35 of 2nd period - Snap shot by Bryan Rust.
6:35 of 2nd period - Shot Misses the Net.
6:37 of 2nd period - Slapshot by Christian Thomas.
6:37 of 2nd period - Stopped by Connor Hellebuyck without a rebound.
6:38 of 2nd period - Connor Brickley wins face-off versus Kevin Porter in Bruins zone.
7:25 of 2nd period - Ladislav Smid is hit by Raman Hrabarenka and loses puck.
7:38 of 2nd period - Snap shot by Kael Mouillierat.
7:38 of 2nd period - Stopped by Pheonix Copley without a rebound.
7:39 of 2nd period - Daniel Briere wins face-off versus Kael Mouillierat in Rampage zone.
7:39 of 2nd period - Daniel Briere is hit by Kael Mouillierat.
7:59 of 2nd period - Michal Rozsival is hit by Marc Hagel and loses puck.
8:22 of 2nd period - Ladislav Smid is hit by Raman Hrabarenka and loses puck.
8:47 of 2nd period - Tomas Kundratek is hit by Marko Dano and loses puck.
8:51 of 2nd period - Icing by Tomas Kundratek.
8:52 of 2nd period - Kael Mouillierat wins face-off versus Connor Brickley in Rampage zone.
8:53 of 2nd period - Snap shot by Marc Hagel.
8:53 of 2nd period - Shot Blocked by Christian Thomas.
9:07 of 2nd period - Snap shot by Andrew Cherniwchan.
9:07 of 2nd period - Stopped by Pheonix Copley with a rebound.
9:40 of 2nd period - Minor Penalty to Andrew Agozzino for High sticking.
9:41 of 2nd period - Connor Brickley wins face-off versus Buddy Robinson in Bruins zone.
10:36 of 2nd period - Raman Hrabarenka is hit by Liam O'Brien and loses puck.
11:21 of 2nd period - Snap shot by Connor Brickley.
11:21 of 2nd period - Stopped by Connor Hellebuyck with a rebound.
11:23 of 2nd period - Slapshot by Keaton Ellerby.
11:23 of 2nd period - Deflect By Conor Allen.
11:23 of 2nd period - Stopped by Connor Hellebuyck without a rebound.
11:24 of 2nd period - Connor Brickley wins face-off versus Marko Dano in Bruins zone.
11:25 of 2nd period - Wrist shot by Christian Thomas.
11:25 of 2nd period - Shot Blocked by Johan Alm.
11:40 of 2nd period - Penalty to Andrew Agozzino is over, Andrew Agozzino is back on ice.
11:52 of 2nd period - Johan Alm is hit by Taylor Beck and loses puck.
12:09 of 2nd period - Johan Alm is hit by Jordan Szwarz.
12:13 of 2nd period - Joel Chouinard is hit by Kevin Czuczman and loses puck.
12:28 of 2nd period - Keaton Ellerby is hit by Marc Hagel and loses puck.
12:37 of 2nd period - Wrist shot by Kael Mouillierat.
12:37 of 2nd period - Shot Misses the Net.
12:39 of 2nd period - Wrist shot by Kevin Czuczman.
12:39 of 2nd period - Shot Misses the Net.
12:51 of 2nd period - Keaton Ellerby is hit by Kevin Porter and loses puck.
13:26 of 2nd period - Snap shot by Tanner Richard.
13:26 of 2nd period - Stopped by Connor Hellebuyck without a rebound.
13:27 of 2nd period - Dennis Rasmussen wins face-off versus Jordan Szwarz in Bruins zone.
13:50 of 2nd period - Joel Chouinard is hit by Dennis Everberg and loses puck.
14:59 of 2nd period - Slapshot by Ladislav Smid.
14:59 of 2nd period - Shot Misses the Net.
15:05 of 2nd period - Jordan Szwarz is hit by Marko Dano and loses puck.
15:14 of 2nd period - Wrist shot by Cole Schneider.
15:14 of 2nd period - Shot Blocked by Tanner Richard.
17:07 of 2nd period - Cole Schneider is hit by Tanner Richard.
17:52 of 2nd period - Kael Mouillierat is hit by Ladislav Smid.
18:09 of 2nd period - Wrist shot by Dennis Everberg.
18:09 of 2nd period - Stopped by Pheonix Copley with a rebound.
18:46 of 2nd period - Bryan Rust is hit by Kevin Czuczman and loses puck.
19:11 of 2nd period - Tomas Kundratek is hit by Kael Mouillierat and loses puck.
19:49 of 2nd period - Cole Schneider is hit by Matthew Corrente and loses puck.
Goals for this period are 1 for Rampage vs 1 for Bruins.
Shots for this period are 13 for Rampage vs 6 for Bruins.

3rd period


0:01 of 3rd period - Dennis Everberg wins face-off versus Daniel Briere in neutral zone.
1:18 of 3rd period - Andrew Agozzino is hit by Michal Rozsival.
1:38 of 3rd period - Off-side.
1:39 of 3rd period - Tanner Richard wins face-off versus Kael Mouillierat in neutral zone.
1:46 of 3rd period - Wrist shot by Liam O'Brien.
1:46 of 3rd period - Stopped by Connor Hellebuyck with a rebound.
1:48 of 3rd period - Wrist shot by Tanner Richard.
1:48 of 3rd period - Shot Misses the Net.
1:50 of 3rd period - Slapshot by Keaton Ellerby.
1:50 of 3rd period - Shot Misses the Net.
1:53 of 3rd period - Marc Hagel and Keaton Ellerby fight to a draw.
1:53 of 3rd period - Penalty to Marc Hagel for Fighting.
1:53 of 3rd period - Penalty to Keaton Ellerby for Fighting.
1:54 of 3rd period - Daniel Briere wins face-off versus Kevin Porter in Bruins zone.
1:56 of 3rd period - Buddy Robinson beats up Tomas Kundratek.
1:56 of 3rd period - Penalty to Buddy Robinson for Fighting.
1:56 of 3rd period - Penalty to Tomas Kundratek for Fighting.
1:57 of 3rd period - Daniel Briere wins face-off versus Cole Schneider in Bruins zone.
1:58 of 3rd period - Snap shot by Taylor Beck.
1:58 of 3rd period - Stopped by Connor Hellebuyck without a rebound.
1:59 of 3rd period - Daniel Briere wins face-off versus Marko Dano in Bruins zone.
2:00 of 3rd period - Slapshot by Taylor Beck.
2:00 of 3rd period - Shot Misses the Net.
2:08 of 3rd period - Snap shot by Cole Schneider.
2:08 of 3rd period - Deflect By Marko Dano.
2:08 of 3rd period - Stopped by Pheonix Copley without a rebound.
2:09 of 3rd period - Daniel Briere wins face-off versus Marko Dano in Rampage zone.
2:25 of 3rd period - Slapshot by Marko Dano.
2:25 of 3rd period - Stopped by Pheonix Copley without a rebound.
2:26 of 3rd period - Kael Mouillierat wins face-off versus Bryan Rust in Rampage zone.
2:49 of 3rd period - Slapshot by Bryan Rust.
2:49 of 3rd period - Stopped by Connor Hellebuyck with a rebound.
2:51 of 3rd period - Slapshot by Michal Rozsival.
2:51 of 3rd period - Shot Misses the Net.
2:53 of 3rd period - Slapshot by Michal Rozsival.
2:53 of 3rd period - Deflect By Bryan Rust.
2:53 of 3rd period - Stopped by Connor Hellebuyck without a rebound.
2:54 of 3rd period - Daniel Briere wins face-off versus Marko Dano in Bruins zone.
3:00 of 3rd period - Minor Penalty to Conor Allen for Interference.
3:01 of 3rd period - Dennis Rasmussen wins face-off versus Colton Sceviour in Bruins zone.
3:25 of 3rd period - Snap shot by Taylor Beck.
3:25 of 3rd period - Shot Misses the Net.
4:29 of 3rd period - Joel Chouinard is hit by Jordan Oesterle and loses puck.
5:00 of 3rd period - Penalty to Conor Allen is over, Conor Allen is back on ice.
5:22 of 3rd period - Slapshot by Michal Rozsival.
5:22 of 3rd period - Stopped by Connor Hellebuyck without a rebound.
5:23 of 3rd period - Colton Sceviour wins face-off versus Andrew Cherniwchan in Bruins zone.
5:24 of 3rd period - Wrist shot by Daniel Briere.
5:24 of 3rd period - Shot Misses the Net.
5:26 of 3rd period - Snap shot by Daniel Briere.
5:26 of 3rd period - Stopped by Connor Hellebuyck with a rebound.
5:28 of 3rd period - Snap shot by Colton Sceviour.
5:28 of 3rd period - Shot Misses the Net.
5:30 of 3rd period - Snap shot by Daniel Briere.
5:30 of 3rd period - Shot Blocked by Jordan Oesterle.
5:40 of 3rd period - Minor Penalty to Kael Mouillierat for Slashing.
5:41 of 3rd period - Dennis Rasmussen wins face-off versus Daniel Briere in Bruins zone.
6:20 of 3rd period - Marko Dano is hit by Colton Sceviour and loses puck.
6:38 of 3rd period - Icing by Joel Chouinard.
6:39 of 3rd period - Marko Dano wins face-off versus Connor Brickley in Rampage zone.
6:53 of 3rd period - Penalty to Marc Hagel is over, Marc Hagel is back on ice.
7:40 of 3rd period - Penalty to Kael Mouillierat is over, Kael Mouillierat is back on ice.
7:43 of 3rd period - Keaton Ellerby is hit by Kael Mouillierat and loses puck.
8:00 of 3rd period - Icing by Cole Schneider.
8:01 of 3rd period - Tanner Richard wins face-off versus Cole Schneider in Bruins zone.
8:20 of 3rd period - Snap shot by Kael Mouillierat.
8:20 of 3rd period - Deflect By Cole Schneider.
8:20 of 3rd period - Stopped by Pheonix Copley with a rebound.
8:58 of 3rd period - Slapshot by Ladislav Smid.
8:58 of 3rd period - Shot Blocked by Johan Alm.
9:00 of 3rd period - Slapshot by Michal Rozsival.
9:00 of 3rd period - Shot Blocked by Andrew Cherniwchan.
9:02 of 3rd period - Wrist shot by Daniel Briere.
9:02 of 3rd period - Shot Misses the Net.
9:04 of 3rd period - Snap shot by Benn Ferriero.
9:04 of 3rd period - Stopped by Connor Hellebuyck with a rebound.
9:06 of 3rd period - Slapshot by Michal Rozsival.
9:06 of 3rd period - Shot Blocked by Johan Alm.
9:15 of 3rd period - Icing by Kael Mouillierat.
9:16 of 3rd period - Kael Mouillierat wins face-off versus Tanner Richard in Bruins zone.
9:45 of 3rd period - Wrist shot by Christian Thomas.
9:45 of 3rd period - Shot Misses the Net.
9:56 of 3rd period - Slapshot by Bryan Rust.
9:56 of 3rd period - Shot Blocked by Raman Hrabarenka.
10:04 of 3rd period - Ladislav Smid is hit by Andrew Agozzino and loses puck.
11:25 of 3rd period - Slapshot by Joel Chouinard.
11:25 of 3rd period - Deflect By Kael Mouillierat.
11:25 of 3rd period - Stopped by Connor Hellebuyck with a rebound.
11:27 of 3rd period - Slapshot by Joel Chouinard.
11:27 of 3rd period - Deflect By Colton Sceviour.
11:27 of 3rd period - Stopped by Connor Hellebuyck without a rebound.
11:28 of 3rd period - Marko Dano wins face-off versus Daniel Briere in Bruins zone.
11:35 of 3rd period - Snap shot by Cole Schneider.
11:35 of 3rd period - Stopped by Pheonix Copley without a rebound.
11:36 of 3rd period - Tanner Richard wins face-off versus Marko Dano in Rampage zone.
11:51 of 3rd period - Backhand shot by Jordan Szwarz.
11:51 of 3rd period - Shot Blocked by Jordan Oesterle.
11:53 of 3rd period - Slapshot by Matthew Corrente.
11:53 of 3rd period - Stopped by Connor Hellebuyck with a rebound.
12:41 of 3rd period - Buddy Robinson is hit by Matthew Corrente and loses puck.
13:36 of 3rd period - Raman Hrabarenka is hit by Jordan Szwarz and loses puck.
14:12 of 3rd period - Slapshot by Johan Alm.
14:12 of 3rd period - Shot Misses the Net.
14:14 of 3rd period - Snap shot by Kael Mouillierat.
14:14 of 3rd period - Shot Misses the Net.
14:16 of 3rd period - Slapshot by Marc Hagel.
14:16 of 3rd period - Shot Misses the Net.
14:18 of 3rd period - Slapshot by Johan Alm.
14:18 of 3rd period - Deflect By Marc Hagel.
14:18 of 3rd period - Shot Misses the Net.
14:18 of 3rd period - Puck is out of play.
14:19 of 3rd period - Marko Dano wins face-off versus Daniel Briere in Rampage zone.
14:36 of 3rd period - Taylor Beck is hit by Dennis Everberg and loses puck.
14:47 of 3rd period - Taylor Beck is hit by Marc Hagel and loses puck.
15:10 of 3rd period - Tomas Kundratek is hit by Dennis Rasmussen and loses puck.
15:15 of 3rd period - Wrist shot by Sam Henley.
15:15 of 3rd period - Stopped by Pheonix Copley with a rebound.
15:17 of 3rd period - Slapshot by Kevin Czuczman.
15:17 of 3rd period - Stopped by Pheonix Copley without a rebound.
15:18 of 3rd period - Connor Brickley wins face-off versus Dennis Rasmussen in Rampage zone.
15:18 of 3rd period - Connor Brickley is hit by Dennis Everberg.
15:52 of 3rd period - Icing by Johan Alm.
15:53 of 3rd period - Marc Hagel wins face-off versus Tanner Richard in Bruins zone.
16:01 of 3rd period - Icing by Johan Alm.
16:02 of 3rd period - Kael Mouillierat wins face-off versus Daniel Briere in Bruins zone.
17:12 of 3rd period - Slapshot by Marc Hagel.
17:12 of 3rd period - Shot Blocked by Ladislav Smid.
17:41 of 3rd period - Jordan Oesterle is hit by Michal Rozsival.
18:06 of 3rd period - Keaton Ellerby is hit by Buddy Robinson and loses puck.
18:45 of 3rd period - Taylor Beck is hit by Kael Mouillierat and loses puck.
19:05 of 3rd period - Taylor Beck is hit by Dennis Rasmussen and loses puck.
Goals for this period are 0 for Rampage vs 0 for Bruins.
Shots for this period are 10 for Rampage vs 6 for Bruins.

Overtime #1


0:01 of 1st overtime period - Kael Mouillierat wins face-off versus Colton Sceviour in neutral zone.
0:18 of 1st overtime period - Raman Hrabarenka is hit by Daniel Briere and loses puck.
0:25 of 1st overtime period - Slapshot by Daniel Briere.
0:25 of 1st overtime period - Stopped by Connor Hellebuyck with a rebound.
0:27 of 1st overtime period - Snap shot by Michal Rozsival.
0:27 of 1st overtime period - Stopped by Connor Hellebuyck with a rebound.
0:29 of 1st overtime period - Snap shot by Daniel Briere.
0:29 of 1st overtime period - Shot Misses the Net.
0:31 of 1st overtime period - Slapshot by Ladislav Smid.
0:31 of 1st overtime period - Shot Misses the Net.
0:33 of 1st overtime period - Slapshot by Ladislav Smid.
0:33 of 1st overtime period - Stopped by Connor Hellebuyck with a rebound.
0:35 of 1st overtime period - Snap shot by Ladislav Smid.
0:35 of 1st overtime period - Stopped by Connor Hellebuyck with a rebound.
1:02 of 1st overtime period - Kael Mouillierat is hit by Michal Rozsival and loses puck.
1:19 of 1st overtime period - Keaton Ellerby is hit by Jordan Oesterle.
1:42 of 1st overtime period - Slapshot by Brett Hextall.
1:42 of 1st overtime period - Stopped by Connor Hellebuyck without a rebound.
1:43 of 1st overtime period - Marc Hagel wins face-off versus Brett Hextall in Bruins zone.
1:48 of 1st overtime period - Snap shot by Brett Hextall.
1:48 of 1st overtime period - Shot Misses the Net.
1:50 of 1st overtime period - Slapshot by Keaton Ellerby.
1:50 of 1st overtime period - Deflect By Liam O'Brien.
1:50 of 1st overtime period - Shot Misses the Net.
1:50 of 1st overtime period - Puck is out of play.
1:51 of 1st overtime period - Brett Hextall wins face-off versus Marc Hagel in Bruins zone.
1:56 of 1st overtime period - Slapshot by Matthew Corrente.
1:56 of 1st overtime period - Shot Blocked by Conor Allen.
1:58 of 1st overtime period - Slapshot by Matthew Corrente.
1:58 of 1st overtime period - Stopped by Connor Hellebuyck without a rebound.
1:59 of 1st overtime period - Colton Sceviour wins face-off versus Kael Mouillierat in Bruins zone.
2:12 of 1st overtime period - Slapshot by Dennis Everberg.
2:12 of 1st overtime period - Shot Blocked by Keaton Ellerby.
2:14 of 1st overtime period - Snap shot by Dennis Everberg.
2:14 of 1st overtime period - Shot Misses the Net.
2:35 of 1st overtime period - Snap shot by Brett Hextall.
2:35 of 1st overtime period - Shot Misses the Net.
2:48 of 1st overtime period - Wrist shot by Liam O'Brien.
2:48 of 1st overtime period - Shot Blocked by Dennis Rasmussen.
2:50 of 1st overtime period - Slapshot by Ladislav Smid.
2:50 of 1st overtime period - Shot Blocked by Conor Allen.
2:52 of 1st overtime period - Slapshot by Michal Rozsival.
2:52 of 1st overtime period - Deflect By Liam O'Brien.
2:52 of 1st overtime period - Shot Misses the Net.
2:52 of 1st overtime period - Puck is out of play.
2:53 of 1st overtime period - Colton Sceviour wins face-off versus Kael Mouillierat in Bruins zone.
2:58 of 1st overtime period - Snap shot by Daniel Briere.
2:58 of 1st overtime period - Shot Blocked by Jordan Oesterle.
3:53 of 1st overtime period - Raman Hrabarenka is hit by Ladislav Smid and loses puck.
4:13 of 1st overtime period - Raman Hrabarenka is hit by Liam O'Brien and loses puck.
4:24 of 1st overtime period - Snap shot by Brett Hextall.
4:24 of 1st overtime period - Stopped by Connor Hellebuyck with a rebound.
Goals for this period are 0 for Rampage vs 0 for Bruins.
Shots for this period are 7 for Rampage vs 0 for Bruins.

ShootOut


5:00 of 1st overtime period - Penalty Shot by Colton Sceviour for Rampage.
5:00 of 1st overtime period - Snap shot by Colton Sceviour.
5:00 of 1st overtime period - Stopped by Connor Hellebuyck.
5:00 of 1st overtime period - Penalty Shot by Marc Hagel for Bruins.
5:00 of 1st overtime period - Deke by Marc Hagel.
5:00 of 1st overtime period - Stopped by Pheonix Copley.
5:00 of 1st overtime period - Penalty Shot by Daniel Briere for Rampage.
5:00 of 1st overtime period - Wrist shot by Daniel Briere.
5:00 of 1st overtime period - Stopped by Connor Hellebuyck.
5:00 of 1st overtime period - Penalty Shot by Dennis Everberg for Bruins.
5:00 of 1st overtime period - Wrist shot by Dennis Everberg.
5:00 of 1st overtime period - Goal by Dennis Everberg.
5:00 of 1st overtime period - Penalty Shot by Taylor Beck for Rampage.
5:00 of 1st overtime period - Snap shot by Taylor Beck.
5:00 of 1st overtime period - Stopped by Connor Hellebuyck.